 Dungeon Crawl Stone Soup version 0.24.0-2-g5b39cebb1c (webtiles) character file.

Game seed: 14984124214954949774, levelgen mode: deterministic

67 MTVSty1e the Poker (level 4, -8/35 HPs)
             Began as a Formicid Fighter on Oct 30, 2019.
             Mangled by an ice beast (9 damage)
             ... on level 4 of the Dungeon.
             The game lasted 00:01:12 (1545 turns).

MTVSty1e the Poker (Formicid Fighter)               Turns: 1545, Time: 00:01:12

Health: -8/35      AC:  6    Str: 20 (21) XL:     4   Next: 40%
Magic:  4/4        EV:  7    Int:  7 (8)  God:
Gold:   88         SH:  9    Dex:  8 (10) Spells: 3/3 levels left

rFire    . . .     SeeInvis +   a - +0 trident
rCold    . . .     Gourm    .   c - +0 shield
rNeg     . . .     Faith    .   b - +0 scale mail
rPois    .         Spirit   .   (helmet unavailable)
rElec    .         Reflect  .   (no cloak)
rCorr    .         Harm     .   (no gloves)
MR       .....                  (no boots)
Stlth    ..........             (no amulet)
HPRegen  0.11/turn              (no ring)
MPRegen  0.09/turn              (no ring)

@: no status effects
A: permanent stasis, dig shafts and tunnels, four strong arms, antennae 3
a: Dig, Shaft Self


You were on level 4 of the Dungeon.
You were not hungry.

You visited 1 branch of the dungeon, and saw 3 of its levels.

You collected 88 gold pieces.

Inventory:

Hand Weapons
 a - a +0 trident (weapon)
Armour
 b - a +0 scale mail (worn)
 c - a +0 shield (worn)
Scrolls
 e - a scroll of enchant weapon {unknown}
 g - a scroll of amnesia {unknown}
 h - a scroll of enchant armour {unknown}
 i - a scroll of blinking {unknown}
 j - a scroll of magic mapping {unknown}
 k - 2 scrolls of identify {unknown}
 n - a scroll of fog {unknown}
 o - a scroll of teleportation {unknown}
Potions
 d - 2 potions of might
 l - a potion of magic {unknown}
 m - 2 potions of brilliance {unknown}
Comestibles
 f - 4 rations


   Skills:
 - Level 3.2 Fighting
 * Level 4.3 Polearms
 - Level 3.2 Armour
 - Level 3.6 Shields


You had 3 spell levels left.
You didn't know any spells.
Your spell library was empty.

Dungeon Overview and Level Annotations

Branches:
Dungeon (2/15)

Altars:


Innate Abilities, Weirdness & Mutations

You cannot be hasted, slowed, berserked, paralysed or teleported.
You can dig through walls and to a lower floor.
Your four strong arms can wield two-handed weapons with a shield.
You have a pair of large antennae on your head. (SInv)


Message History

The leopard gecko bites you but does no damage.
You block the ice beast's attack.
The jackal bites you but does no damage.
You block the leopard gecko's attack.
Your shield and scale mail prevent you from hitting the ice beast.
The ice beast is lightly wounded.
The jackal barely misses you.
The ice beast hits you but does no damage.
The leopard gecko bites you but does no damage.
The jackal bites you but does no damage.
Your shield and scale mail prevent you from hitting the ice beast.
The ice beast is lightly wounded.
The ice beast hits you. The ice beast freezes you!
* * * LOW HITPOINT WARNING * * *
The leopard gecko bites you.
* * * LOW HITPOINT WARNING * * *
The jackal closely misses you. The ice beast hits you.
* * * LOW HITPOINT WARNING * * *
The ice beast freezes you!
You die...

. #### .. # ####...#
..[#. #......##
.....###### #.......#
........?.###......#
..........##....#.#
#......(..........##
#?##....†..........#
.....##l@........##
........Yh.......##
.(.......##.....###
......Z..##.....#.######
#.....####.........#...#
.... #.....##........#
... ...............# #.
.###..........###
..#......###.....###


You could see an ice beast, a kobold zombie, a leopard gecko and a jackal.

Vanquished Creatures
  An iguana (D:4)
  2 adders
  An ooze (D:4)
  A worm (D:4)
  A dart slug (D:1)
  4 bats
  2 giant cockroaches (D:2)
  3 jackals (D:4)
  A kobold (D:1)
  A rat (D:1)
17 creatures vanquished.

Notes
Turn   | Place    | Note
-------+----------+-------------------------------------------
     0 | D:1      | MTVSty1e the Formicid Fighter began the quest for the Orb.
     0 | D:1      | Reached XP level 1. HP: 18/18 MP: 1/1
   385 | D:1      | Reached XP level 2. HP: 24/24 MP: 2/2
   620 | D:1      | Reached skill level 3 in Polearms
   972 | D:2      | Reached XP level 3. HP: 29/29 MP: 3/3
  1024 | D:2      | You fall into a shaft and drop 2 floors!
  1188 | D:4      | Reached skill level 4 in Polearms
  1188 | D:4      | Reached XP level 4. HP: 7/35 MP: 4/4
  1536 | D:4      | Noticed an ice beast
  1545 | D:4      | HP: 1/35 [ice beast (3)]
  1545 | D:4      | Mangled by an ice beast

Levels and vault maps discovered:
D:1:      saegor_arrival_simple_e, layout_basic
D:2:      layout_loops_cross, serial_park_tiny_pond, uniq_jessica
D:4:      layout_cave_pools, minmay_mini_ossuary

Skill      XL: |  1  2  3 |
---------------+----------+-----
Polearms       | 3 4 |  4.3
Fighting       | |  3.2
Armour         | |  3.2
Shields        | |  3.6

Action                   |  1- 3 |  4- 6 || total
-------------------------+-------+-------++-------
Melee: Trident           |    66 |    19 ||    85
  Use: Potion            |     2 |       ||     2
  Eat: Ration            |       |     1 ||     1
Armor: Scale mail        |    13 |    26 ||    39
Dodge: Dodged            |    12 |    11 ||    23
Block: Shield            |    30 |    16 ||    46
